 Dungeon Crawl Stone Soup version 0.18.1-50-g88ac8fd (webtiles) character file.

8131 Monkfish the Unseen (level 11, -6/67 (68) HPs)
             Began as a Kobold Berserker on Oct 25, 2016.
             Was an Elder of Trog.
             Killed from afar by an electric eel (9 damage)
             ... with a bolt of electricity
             ... on level 10 of the Dungeon.
             The game lasted 00:20:39 (7337 turns).

Monkfish the Unseen (Kobold Berserker)              Turns: 7337, Time: 00:20:39

HP:   -6/67 (68)    AC: 10    Str: 18    XL:     11   Next: 50%
MP:   11/11         EV: 15    Int:  5    God:    Trog [****..]
Gold: 369           SH:  0    Dex: 17    Spells: 0 memorised, 10 levels left

rFire  . . .     SeeInvis +     b - +2 short sword (drain)
rCold  . . .     Gourm    .     k - +3 leather armour
rNeg   . . .     Faith    .     (shield restricted)
rPois  +         Spirit   .     (no helmet)
rElec  .         Dismiss  .     (no cloak)
rCorr  .         Reflect  .     j - +0 pair of gloves
SustAt .         Harm     .     (no boots)
MR     ++...                    (no amulet)
Stlth  ++++++++..               m - +3 ring of protection
                                l - ring of see invisible

@: regenerating, very resistant to hostile enchantments, extraordinarily
stealthy
A: carnivore 3, clumsy 1, poison resistance, strong 1
a: Berserk, Trog's Hand, Brothers in Arms, Burn Spellbooks, Renounce Religion


You were on level 10 of the Dungeon.
You worshipped Trog.
Trog was greatly pleased with you.
You were not hungry.

You visited 2 branches of the dungeon, and saw 11 of its levels.

You collected 369 gold pieces.

Inventory:

Hand Weapons
 b - a +2 short sword of draining (weapon)
Missiles
 n - 3 needles of sleeping
 u - 5 needles of paralysis
Armour
 j - a +0 pair of gloves (worn)
 k - a +3 leather armour (worn)
Jewellery
 l - a ring of see invisible (left hand)
 m - a +3 ring of protection (right hand)
Wands
 o - a wand of lightning (7/15)
 x - a wand of polymorph (15/24)
 z - a wand of digging (17/24)
 A - a wand of flame (0/48)
Scrolls
 d - 11 scrolls of remove curse
 h - 3 scrolls of enchant armour
Potions
 a - 2 potions of invisibility
 e - 3 potions of heal wounds
 f - 4 potions of curing
 q - a potion of agility
 t - a potion of resistance
 v - a potion of cancellation
 w - a potion of flight
Comestibles
 c - 3 meat rations
 g - 9 slices of pizza
 i - 2 royal jellies


   Skills:
 + Level 8.2 Fighting
 + Level 11.0 Short Blades
 - Level 1.5 Armour
 - Level 2.4 Dodging
 * Level 17.6 Stealth
 + Level 0.8 Evocations


You had 10 spell levels left.
You didn't know any spells.

Dungeon Overview and Level Annotations

Branches:
Dungeon (10/15)            Temple (1/1) D:6
   Lair: D:8-11         Orc: D:9-12

Altars:
Ashenzari
Cheibriados
Dithmenos
Elyvilon
Fedhas
Gozag
Kikubaaqudgha
Makhleb
Nemelex Xobeh
Okawaru
Pakellas
Qazlal
Ru
Sif Muna
Trog
Vehumet
Xom
Yredelemnul
Zin
The Shining One

Shops:
D:4 *(

Annotations:
D:9 exclusion: oklob plant, manyhoops's ghost, journeyman OgHu
D:10 exclusion: orange crystal statue


Innate Abilities, Weirdness & Mutations

You are small and have problems with some larger weapons.
You are carnivorous and can eat meat at any time.
You are clumsy. (Dex -2)
Your system is resistant to poisons.
Your muscles are strong. (Str +2)


Message History

You see here a tomahawk.
The orc throws a tomahawk.
The tomahawk closely misses you.
The orc priest calls down the wrath of Beogh upon something.
Beogh smites you!
You see here a tomahawk.
An electric eel comes into view.
The electric eel shoots out a bolt of lightning at you!
The bolt of electricity hits you!
You feel the effects of Trog's Hand fading.
The electric eel shoots out a bolt of lightning at you!
The bolt of electricity hits you!
* * * LOW HITPOINT WARNING * * *
The bolt of electricity hits you!
* * * LOW HITPOINT WARNING * * *
The electric eel shoots out a bolt of lightning at you!
The bolt of electricity hits you!
* * * LOW HITPOINT WARNING * * *
The electric eel shoots out a bolt of lightning at you!
The bolt of electricity hits you!
You die...

#.......). +...).....
#......).. #.........
#........< #+## #.....>...
#<..### #..<...... #...#
##'####### ##########@### #.#
#...o.....†..#### #.###
#..........>....# #...#####
#####(.).[.......##.###.#.....#
#(............................#
#(8≈≈≈≈≈≈≈≈≈≈≈≈;≈≈≈≈≈≈≈≈≈≈≈≈≈.#
#o≈8≈≈≈≈≈≈≈≈≈≈≈≈≈≈≈≈≈≈≈≈≈≈≈≈≈.#
#.≈≈)'#####################≈≈.#
#†≈≈.#... ≈≈.#


You could see an orc warrior and an electric eel.

Vanquished Creatures
  Erica (D:8)
  A queen ant (D:8)
  Joseph (D:8)
  Psyche (D:8)
  A troll (D:9)
  Prince Ribbit (D:7)
  Sigmund (D:2)
  A wyvern (D:8)
  3 hippogriffs
  Grum (D:8)
  Menkaure (D:6)
  5 soldier ants (D:8)
  4 orc warriors
  A black bear (D:7)
  An ice beast (D:7)
  3 sky beasts
  2 wolves (D:8)
  2 phantoms
  2 necrophages
  2 ogres
  6 centaurs
  7 giant frogs
  2 scorpions
  A water moccasin skeleton (D:6)
  3 killer bees (D:8)
  3 electric eels (D:10)
  A crimson imp (D:10)
  A centaur zombie (D:6)
  A giant frog zombie (D:9)
  4 jellies
  5 orc priests
  2 hounds
  A centaur skeleton (D:8)
  2 iguanas
  3 orc wizards
  26 worker ants
  A killer bee zombie (D:8)
  A hound zombie (D:8)
  A worker ant zombie (D:9)
  10 adders
  A shadow imp (D:6)
  4 oozes (D:1)
  An adder zombie (D:8)
  2 worms
  3 dart slugs
  4 giant geckos
  38 orcs
  A ball python (D:2)
  8 giant cockroaches
  6 goblins
  5 hobgoblins
  16 jackals
  3 quokkas
  12 bats
  8 giant newts
  11 kobolds
  9 rats
248 creatures vanquished.

Vanquished Creatures (others)
  A hippogriff (D:6)
  2 plants (D:9)
3 creatures vanquished.

Grand Total: 251 creatures vanquished

Notes
Turn   | Place    | Note
--------------------------------------------------------------
     0 | D:1      | Monkfish the Kobold Berserker began the quest for the Orb.
     0 | D:1      | Reached XP level 1. HP: 14/14 MP: 1/1
     1 | D:1      | Found a runed door.
   168 | D:1      | Reached XP level 2. HP: 15/19 MP: 2/2
   544 | D:1      | Reached XP level 3. HP: 23/23 MP: 3/3
   569 | D:1      | Reached ** piety under Trog
   744 | D:1      | Reached skill level 1 in Stealth
   933 | D:1      | Reached skill level 5 in Short Blades
   940 | D:1      | Reached XP level 4. HP: 29/29 MP: 4/4
   948 | D:1      | Reached skill level 2 in Stealth
  1143 | D:2      | Reached skill level 3 in Stealth
  1193 | D:2      | Gained mutation: Your muscles are strong. (Str +2) [potion of mutation]
  1193 | D:2      | Gained mutation: Your system is resistant to poisons. [potion of mutation]
  1193 | D:2      | Gained mutation: You are clumsy. (Dex -2) [potion of mutation]
  1242 | D:2      | Reached XP level 5. HP: 33/33 MP: 5/5
  1333 | D:2      | Noticed Sigmund
  1341 | D:2      | Killed Sigmund
  1341 | D:2      | Reached skill level 5 in Stealth
  1341 | D:2      | Reached XP level 6. HP: 39/39 MP: 6/6
  1669 | D:3      | Reached *** piety under Trog
  1927 | D:3      | Found a shattered altar of Ashenzari.
  2165 | D:4      | Reached skill level 6 in Stealth
  2232 | D:4      | Noticed an ogre
  2257 | D:4      | Killed an ogre
  2257 | D:4      | Reached XP level 7. HP: 44/44 MP: 7/7
  2424 | D:4      | Reached skill level 7 in Stealth
  2466 | D:4      | Found Piukho Ahij's Elemental Accessories.
  2482 | D:4      | Found Qexutrux's Antique Weapon Boutique.
  2590 | D:5      | Entered Level 5 of the Dungeon
  2645 | D:5      | Found a basalt altar of Yredelemnul.
  2648 | D:5      | Found a deep blue altar of Sif Muna.
  2651 | D:5      | Found an ancient bone altar of Kikubaaqudgha.
  2665 | D:5      | Found a radiant altar of Vehumet.
  2721 | D:5      | Reached skill level 8 in Stealth
  2853 | D:5      | Reached **** piety under Trog
  2853 | D:5      | Reached XP level 8. HP: 48/48 MP: 8/8
  2874 | D:5      | Reached skill level 5 in Fighting
  3059 | D:6      | Reached skill level 9 in Stealth
  3515 | D:6      | Found an oddly glowing altar of Pakellas.
  3515 | D:6      | Noticed an orange crystal statue
  3570 | D:6      | Reached skill level 10 in Stealth
  3686 | D:6      | Received a gift from Trog
  3710 | D:6      | Noticed Menkaure
  3716 | D:6      | Killed Menkaure
  3787 | D:6      | Reached skill level 11 in Stealth
  3787 | D:6      | Reached XP level 9. HP: 54/54 MP: 9/9
  3816 | D:6      | Found a staircase to the Ecumenical Temple.
  3970 | Temple   | Entered the Ecumenical Temple
  4499 | D:7      | Reached skill level 12 in Stealth
  4579 | D:7      | Noticed Prince Ribbit
  4607 | D:7      | Killed Prince Ribbit
  4708 | D:7      | Found a glowing silver altar of Zin.
  4828 | D:7      | Reached skill level 13 in Stealth
  5027 | D:8      | Found a sparkling altar of Nemelex Xobeh.
  5081 | D:8      | Noticed Erica
  5084 | D:8      | Noticed Joseph
  5091 | D:8      | Killed Erica
  5091 | D:8      | Received a gift from Trog
  5091 | D:8      | Reached skill level 14 in Stealth
  5091 | D:8      | Reached XP level 10. HP: 61/61 MP: 10/10
  5105 | D:8      | Killed Joseph
  5398 | D:8      | Reached skill level 15 in Stealth
  5553 | D:8      | Noticed a queen ant
  5571 | D:8      | Reached skill level 10 in Short Blades
  5786 | D:8      | Reached skill level 16 in Stealth
  5808 | D:8      | Noticed Grum
  5835 | D:8      | Killed a queen ant
  5835 | D:8      | Reached XP level 11. HP: 67/67 MP: 11/11
  5844 | D:8      | Killed Grum
  5903 | D:8      | Noticed Psyche
  5913 | D:8      | Killed Psyche
  5970 | D:8      | Found a glowing golden altar of the Shining One.
  6250 | D:9      | Reached skill level 17 in Stealth
  6475 | D:9      | Noticed an oklob plant
  6787 | D:9      | Found a shadowy altar of Dithmenos.
  6813 | D:9      | Noticed manyhoops's ghost (journeyman OgHu)
  7108 | D:10     | Entered Level 10 of the Dungeon
  7150 | D:10     | Noticed an orange crystal statue
  7336 | D:10     | HP: 2/67 [electric eel/bolt of electricity (10)]
  7337 | D:10     | Killed from afar by an electric eel

Skill      XL: |  1  2  3  4  5  6  7  8  9 10 11 |
---------------+----------------------------------+-----
Stealth        | 1 3 5 6 8 11 14 16 17 | 17.6
Short Blades   | 5 6 7 8 9 10 11 | 11.0
Fighting       | 4 5 6 7 8 |  8.2
Armour         | |  1.5
Dodging        | |  2.4
Evocations     | |  0.8

Action                   |  1- 3 |  4- 6 |  7- 9 | 10-12 || total
-------------------------+-------+-------+-------+-------++-------
Melee: Short sword       |    96 |   182 |   243 |   434 ||   955
Invok: Berserk           |     1 |     3 |     3 |     4 ||    11
       Trog's Hand       |       |     1 |     3 |    13 ||    17
       Burn Spellbooks   |       |       |       |     2 ||     2
Evoke: Wand              |       |       |     1 |    10 ||    11
  Use: Scroll            |       |     9 |     8 |     5 ||    22
       Potion            |       |     3 |     1 |       ||     4
 Stab: Sleeping          |     3 |     8 |    19 |    26 ||    56
       Distracted        |       |     1 |     1 |     1 ||     3
  Eat: Chunk             |     6 |     6 |    12 |    11 ||    35
Armor: Animal skin       |    17 |    26 |       |       ||    43
       Leather armour    |       |     9 |    48 |    75 ||   132
Dodge: Dodged            |    64 |   127 |   151 |   209 ||   551
